Unix NetHack Version 3.7.0-89 Work-in-progress - last build Sep 7 2023 15:16:41 (8494bff02b67719303c47e298deaa89034127798,branch:master). Game began 2023-09-10 19:19:18, ended 2023-09-11 15:01:45. grux, lawful female human Valkyrie --- .----- ---..--- -..|.------ - ---------........| |...%...<.- |..............h....... |...)..|...- |......................-----.....|....| |.............G.....%.G@.....--.--...-- | | `. #--....-------|.| .>-- |.... |.|-..| --.. -.||..- --. .|--. -- --- - Grux the Skirmisher St:18/01 Dx:13 Co:16 In:8 Wi:10 Ch:10 Lawful S:787 Dlvl:4 $:9 HP:0(36) Pw:11(11) AC:5 Xp:4/157 T:2558 Latest messages: You stop eating the gnome corpse. There is a partly eaten gnome corpse here; eat it? [ynq] (n) y You consume the last bite of your meal. You finish eating the gnome corpse. You feel less confused now. You see here a scroll labeled LOREM IPSUM. A - a scroll labeled LOREM IPSUM. You already found a monster. Use 'm' prefix to force another search. You miss the gnomish wizard. The air crackles around the gnomish wizard. You kill the gnomish wizard! The gnome picks up a gem. The gnome wields 3 daggers! You hit the gnome! The gnome thrusts one of his daggers. The gnome hits! You miss the gnome. You miss the gnome. You kill the gnome! You see here 3 daggers. You see here a tripe ration. The gnomish wizard points at you, then curses. The gnomish wizard points at you, then curses. You miss the gnomish wizard. The gnomish wizard points at you, then curses. The gnome is almost hit by an arrow! The gnome picks up an arrow. You miss the gnomish wizard. The gnomish wizard points at you, then curses. You miss the gnomish wizard. The gnomish wizard points at you, then curses. You hit the gnomish wizard! The air crackles around the gnomish wizard. You miss the gnomish wizard. The gnomish wizard points all around, then curses. You kill the gnomish wizard! The gnome wields a silver saber! The gnome swings his silver saber. The gnome hits! You miss the gnome. The gnome swings his silver saber. The gnome hits! You hit the gnome! The gnome swings his silver saber. The gnome hits! You die... Do you want your possessions identified? [ynq] (y) y Do you want to see your attributes? [ynq] (y) y Do you want an account of creatures vanquished? [ynaq] (y) y Do you want to see your conduct and achievements? [ynq] (y) q Inventory: Coins $ - 9 gold pieces Weapons b - a +0 dagger (alternate weapon; not wielded) a - a corroded +1 spear (weapon in hand) Armor q - an uncursed +0 elven leather helm (being worn) c - an uncursed +3 small shield (being worn) Comestibles x - an uncursed pancake i - an uncursed tripe ration Scrolls j - an uncursed scroll of create monster g - a cursed scroll of create monster A - an uncursed scroll of enchant weapon v - a cursed scroll of magic mapping f - a cursed scroll of remove curse Spellbooks k - an uncursed spellbook of cone of cold s - an uncursed spellbook of detect unseen l - an uncursed spellbook of teleport away Potions p - an uncursed potion of confusion Rings o - an uncursed ring of free action Tools w - an empty cursed bag of holding r - an uncursed tooled horn Gems/Stones m - an uncursed worthless piece of orange glass e - an uncursed worthless piece of yellow glass h - a cursed worthless piece of yellow glass Grux the Valkyrie's attributes: Background: You were a Skirmisher, a level 4 human Valkyrie. You were lawful, on a mission for Tyr who was opposed by Odin (neutral) and Loki (chaotic). You were in the Gnomish Mines, on level 4. You entered the dungeon 2558 turns ago. You had 157 experience points, 3 more were needed to attain level 5. Your score was 787 before end-of-game adjustments. Basics: You had 0 out of 36 hit points. You had all 11 energy points (spell power). Your armor class was 5. Your wallet contained 9 zorkmids. Autopickup was on for '$' plus thrown. Final Characteristics: Your strength was 18/01 (limit:18/100). Your dexterity was 13 (limit:18). Your constitution was 16 (limit:18). Your intelligence was 8 (limit:18). Your wisdom was 10 (limit:18). Your charisma was 10 (limit:18). Final Status: You were not hungry. You were unencumbered. You were wielding a spear. You had basic skill with spear. Final Attributes: You were piously aligned. You were cold resistant. You were stealthy. You are dead. Miscellaneous: You never encountered a bones level. Total elapsed playing time was 43 minutes and 28 seconds. Major events: Turn 1: grux the lawful human Valkyrie entered the dungeon 1111: attained the rank of Skirmisher (level 3) 2516: entered the Gnomish Mines 2558: killed by a gnome Vanquished creatures: 2 gnomish wizards an iguana an acid blob 2 coyotes a hobbit 5 giant rats a yellow mold a green mold 2 gnomes a gnome zombie 2 geckos 2 jackals a fox a kobold 3 goblins 2 sewer rats 6 grid bugs 7 lichens a kobold zombie 8 newts 50 creatures vanquished. No species were genocided or became extinct. Voluntary challenges: You were illiterate. You never engraved Elbereth. You never genocided any monsters. You never polymorphed an object. You never changed form. You used no wishes. Achievements: You attained the rank of Skirmisher. You entered the Gnomish Mines. The Dungeons of Doom: levels 1 to 4 Level 1: An altar to Tyr, a sink. Level 2: An altar to Tyr, a fountain. Level 3: Some fountains. Stairs down to The Gnomish Mines. Level 4: A fountain. The Gnomish Mines: Level 4: <- You were here. Final resting place for you, killed by a gnome. Game over: ---------- / \ / REST \ / IN \ / PEACE \ / \ | grux | | 9 Au | | killed by a | | gnome | | | | | | 2023 | *| * * * | * _________)/\\_//(\/(/\)/\//\/|_)_______ Farvel grux the Valkyrie... You died in The Gnomish Mines on dungeon level 4 with 787 points, and 9 pieces of gold, after 2558 moves. You were level 4 with a maximum of 36 hit points when you died.